Map: Ephemeron LE

Players

Cuddlebear - Winner!

  • Race: Terran Terran
  • Spawn Location: 5:00

BluE

  • Race: Protoss Protoss
  • Spawn Location: 11:00

Event: IEM Katowice 2020

VOD

Have the link to the VOD?

Description

Time

  • Played on: Feb. 25, 2020, 8:59 a.m.
  • Length: 9:10

All games in this series

Show
View Real Time Build Order
Export as new Build Order

Cuddlebear Terran - Winner!

Build Orders: Reaper Expand 

Get SALT Encoding   

  12  0:01  SCV  
  13  0:13  SCV  
  14  0:17  Supply Depot  
  14  0:25  SCV  
  15  0:39  SCV  
  15  0:40  Barracks  
  16  0:44  Refinery  
  16  0:51  SCV  
  17  1:03  SCV  
  18  1:15  SCV  
  19  1:28  Orbital Command, Reaper  
  20  1:50  Command Center  
  20  1:54  SCV  
  21  1:59  Supply Depot  
  21  2:00  Marine  
  22  2:06  SCV  
  23  2:20  Factory  
  23  2:21  SCV, Barracks Reactor  
  24  2:33  SCV  
  25  2:43  Bunker  
  25  2:45  SCV, Refinery  
  24  3:00  Marine x2  
  26  3:06  Widow Mine  
  26  3:07  SCV  
  28  3:15  Starport  
  27  3:21  Orbital Command  
  27  3:26  Marine x2  
  29  3:31  SCV  
  30  3:37  Hellion  
  32  3:43  SCV  
  32  3:44  Supply Depot  
  32  3:46  Marine  
  34  3:49  Marine  
  34  3:52  SCV  
  36  3:56  SCV  
  36  3:59  Medivac  
  39  4:04  SCV, Widow Mine  
  39  4:07  Marine  
  39  4:09  Marine  
  44  4:10  SCV  
  44  4:17  SCV  
  46  4:18  Supply Depot  
  46  4:22  SCV  
  47  4:25  Marine  
  47  4:29  SCV, Marine  
  47  4:30  Factory Tech Lab  
  50  4:35  SCV  
  51  4:41  SCV, Starport Tech Lab  
  51  4:42  Barracks  
  51  4:43  Barracks  
  52  4:49  SCV  
  52  4:51  Siege Tank  
  52  4:52  Marine x2  
  58  4:53  SCV  
  59  5:01  SCV  
  59  5:02  Raven, Supply Depot  
  62  5:10  Supply Depot  
  62  5:11  SCV  
  63  5:17  SCV  
  63  5:18  Marine x2  
  66  5:25  Siege Tank  
  69  5:29  SCV, Refinery  
  69  5:30  Refinery  
  69  5:34  SCV  
  71  5:39  Marine x2  
  71  5:41  Barracks Tech Lab  
  73  5:43  SCV  
  73  5:46  SCV  
  73  5:48  Engineering Bay  
  75  5:53  Stimpack  
  75  5:55  SCV  
  76  5:58  SCV  
  76  6:00  Siege Tank  
  80  6:05  Combat Shield, Supply Depot  
  80  6:07  Starport Reactor  
  82  6:11  Marauder  
  82  6:14  Marauder  
  82  6:16  Marine  
  86  6:21  Terran Infantry Weapons Level 1  
  86  6:22  Supply Depot  
  85  6:26  Supply Depot  
  85  6:27  Marine  
  88  6:32  Marauder  
  88  6:34  Marine  
  88  6:35  Siege Tank  
  88  6:36  Marine  
  88  6:37  SCV  
  94  6:49  SCV  
  94  6:50  Supply Depot  
  94  6:56  Medivac  
  94  6:58  Medivac  
  94  7:01  Command Center  
  98  7:02  Marauder  
  98  7:04  Marine x2  
  98  7:06  Marine  
  98  7:07  SCV  
  104  7:10  SCV  
  105  7:20  SCV  
  105  7:22  Marine  
  105  7:23  Marauder  
  105  7:24  Marine  
  105  7:25  Marauder  
  105  7:27  Medivac  
  105  7:28  Medivac  
  115  7:33  SCV  
  116  7:37  Supply Depot  
  116  7:40  Marine  
  117  7:49  Marine, Marauder  
  112  7:52  SCV  
  112  7:53  SCV  
  112  7:57  Supply Depot, Barracks  
  114  7:58  Barracks  
  114  8:04  Marine, Marauder  
  116  8:06  Marine  
  116  8:11  Marauder  
  116  8:19  Siege Tank  
  118  8:20  Medivac  
  118  8:22  Marine  
  118  8:24  Marine  
  122  8:28  Medivac  
  122  8:31  Marine x2  
  126  8:39  Marine  
  118  8:42  Marine  
  118  8:46  Barracks Reactor, Barracks Tech Lab  
  114  8:51  Armory  
Show
View Real Time Build Order
Export as new Build Order

BluE Protoss 

Build Orders: 1 Gate Expand, Colossus Rush 

Get SALT Encoding   

  12  0:00  Probe  
  13  0:13  Probe  
  14  0:17  Pylon  
  14  0:25  Probe  
  15  0:35  Gateway  
  15  0:38  Probe (Chrono Boost)  
  16  0:46  Probe (Chrono Boost)  
  16  0:47  Assimilator  
  17  0:53  Probe  
  18  1:05  Probe  
  19  1:17  Probe  
  20  1:22  Cybernetics Core  
  20  1:35  Nexus  
  20  1:41  Pylon  
  20  1:46  Probe  
  21  1:52  Assimilator  
  20  1:55  Adept (Chrono Boost)  
  20  1:59  Probe  
  23  2:03  Warp Gate  
  23  2:12  Probe  
  24  2:17  Adept (Chrono Boost)  
  26  2:25  Probe  
  27  2:35  Robotics Facility  
  26  2:40  Probe  
  26  2:52  Probe (Chrono Boost)  
  26  2:58  Stalker  
  29  3:03  Probe (Chrono Boost)  
  29  3:10  Probe (Chrono Boost)  
  30  3:13  Probe (Chrono Boost)  
  30  3:18  Probe (Chrono Boost)  
  32  3:23  Probe (Chrono Boost), Observer  
  32  3:25  Probe (Chrono Boost)  
  34  3:30  Probe x2 (Chrono Boost), Gateway  
  34  3:31  Gateway  
  36  3:42  Probe (Chrono Boost)  
  36  3:44  Probe (Chrono Boost)  
  36  3:45  Observer  
  37  3:53  Assimilator  
  37  3:54  Probe (Chrono Boost)  
  37  3:55  Assimilator  
  39  3:57  Robotics Bay  
  39  4:00  Probe (Chrono Boost)  
  39  4:01  Stalker  
  39  4:02  Probe (Chrono Boost)  
  41  4:07  Probe  
  41  4:08  Pylon  
  43  4:11  Probe (Chrono Boost)  
  43  4:13  Observer  
  46  4:24  Probe (Chrono Boost)  
  46  4:28  Probe (Chrono Boost)  
  46  4:30  Stalker  
  49  4:33  Probe x2 (Chrono Boost)  
  49  4:36  Stalker  
  49  4:38  Pylon  
  53  4:43  Probe  
  54  4:51  Probe  
  54  4:52  Colossus (Chrono Boost)  
  54  4:55  Pylon  
  60  5:00  Pylon  
  60  5:03  Probe  
  61  5:08  Pylon  
  61  5:14  Observer  
  61  5:18  Probe  
  60  5:27  Probe, Stalker  
  63  5:42  Nexus, Observer (Chrono Boost)  
  64  5:43  Probe x2  
  64  5:47  Extended Thermal Lance  
  66  5:51  Sentry x2  
  66  5:54  Sentry  
  66  5:55  Probe  
  73  5:57  Pylon  
  73  6:00  Probe  
  74  6:07  Probe  
  74  6:08  Colossus (Chrono Boost)  
  75  6:12  Probe  
  81  6:19  Adept x2  
  81  6:20  Sentry  
  81  6:21  Probe  
  81  6:25  Probe  
  89  6:29  Twilight Council  
  89  6:33  Forge  
  89  6:36  Probe  
  89  6:37  Probe  
  91  6:43  Gateway  
  91  6:45  Gateway  
  91  6:50  Probe, Observer  
  91  6:52  Gateway  
  91  6:53  Probe  
  93  6:55  Probe  
  94  7:03  Colossus (Chrono Boost)  
  94  7:07  Probe x2, Observer  
  102  7:13  Probe  
  103  7:19  Probe x2  
  103  7:20  Charge (Chrono Boost)  
  101  7:25  Probe  
  101  7:26  Pylon  
  101  7:29  Zealot x2  
  106  7:30  Pylon  
  106  7:33  Pylon  
  106  7:36  Gateway  
  106  7:37  Observer  
  106  7:42  Stalker x2  
  106  7:50  Zealot x3  
  106  7:51  Zealot  
  112  7:53  Probe  
  112  7:57  Probe  
  113  8:00  Probe  
  114  8:07  Gateway x2, Pylon, Zealot x2  
  114  8:11  Zealot  
  114  8:12  Zealot  
  118  8:15  Zealot  
  118  8:16  Zealot  
  122  8:20  Pylon  
  118  8:28  Zealot  
  109  8:37  Zealot x3  
  109  8:38  Probe x2  
  79  8:42  Zealot  
  79  8:44  Probe  
  78  8:49  Zealot  
  78  8:55  Probe  
  75  8:59  Stalker x3  
  79  9:05  Zealot  

Tags
 
Add a new tag
Caveats
  • Supply blocks, unpowered buildings, or Contaminate may cause inaccurate times.
  • Supply counts are checked every 10 seconds.